 Dungeon Crawl Stone Soup version 0.17-a0-1481-gfdcec5c (webtiles) character file.

338 Fluffy the Skirmisher (level 6, -1/49 HPs)
             Began as a Mummy Fighter on July 4, 2015.
             Slain by an orc wizard
             ... wielding a +0 dagger
              (2 damage)
             ... on level 3 of the Dungeon.
             The game lasted 00:09:50 (5504 turns).

Fluffy the Skirmisher (Mummy Fighter)               Turns: 5504, Time: 00:09:50

Health: -1/49      AC: 11    Str: 19    XL:     6   Next: 29%
Magic:  6/6        EV:  7    Int: 10    God:
Gold:   109        SH:  9    Dex: 11    Spells: 0 memorised, 5 levels left

rFire  x . .     SeeInvis .     a - +0 flail
rCold  + . .     Clarity  .     b - +0 scale mail
rNeg   + + +     SustAt   .     c - +0 shield
rPois  ∞         Gourm    .     e - +1 helmet
rElec  .         Spirit   .     i - +1 cloak {+Inv}
rCorr  .         Warding  .     (no gloves)
rMut   .         Stasis   .     (no boots)
MR     .....                    (no amulet)
Stlth  ..........               (no ring)
                                (no ring)

@: not resistant to hostile enchantments, extremely unstealthy
A: no food or potions, fire vulnerability, cold resistance 1, negative energy
resistance 3, torment resistance, unbreathing
a: Evoke Invisibility


You were on level 3 of the Dungeon.
You were not hungry.

You visited 1 branch of the dungeon, and saw 3 of its levels.

You collected 109 gold pieces.

Inventory:

Hand weapons
 a - a +0 flail (weapon)
Armour
 b - a +0 scale mail (worn)
 c - a +0 shield (worn)
 e - a +1 helmet (worn)
 i - a +1 cloak of invisibility (worn)
Scrolls
 d - 6 scrolls of remove curse
 f - a scroll of magic mapping {unknown}
 g - a scroll of immolation
 h - a scroll of recharging {unknown}
 j - a scroll of teleportation


   Skills:
 + Level 4.4 Fighting
 + Level 2.9 Maces & Flails
 + Level 3.7 Armour
 + Level 3.5 Shields


You had 5 spell levels left.
You didn't know any spells.

Dungeon Overview and Level Annotations

Branches:
Dungeon (3/15)

Altars:

Annotations:
D:3 Ajdolov's ghost, average FoFi


Innate Abilities, Weirdness & Mutations

You do not eat or drink.
Your flesh is vulnerable to fire.
You are immune to poison.
Your flesh is cold resistant.
You are immune to negative energy.
You are immune to unholy pain and torment.
You can survive without breathing.


Message History

Use which ability? (? or * to list)
You fail to use your ability.
The orc wizard hits you with a dagger.
* * * LOW HITPOINT WARNING * * *
You hit the orc wizard.
The orc wizard is severely wounded.
You block the orc wizard's attack.
The orc wizard hits you but does no damage.
The orc wizard mumbles some strange words.
The orc wizard seems to speed up.
The orc wizard gestures at you while chanting.
The magic dart hits you!
* * * LOW HITPOINT WARNING * * *
You block the orc wizard's attack.
Unknown command.
You barely miss the orc wizard.
The orc wizard is severely wounded.
You feel yourself speed up.
The orc wizard mumbles some strange words.
The orc wizard blinks!
The orc wizard hits you with a dagger.
You die...

### ### #.. ..#
#.# #o# #.# #.# #
#.# #.# .# #.# #)#
#.# ##.###### #@#
..# #.......# #o#
#.# #..####.# #.#
#.###.(# #.# #.#
.......# #.# #.#
#.####.####.####.#
†.####...........#
............######
.############


You could see 2 orc wizards.

Vanquished Creatures
  A centaur (D:3)
  Crazy Yiuf (D:2)
  An orc priest (D:3)
  Ijyb (D:2)
  Robin (D:2)
  6 adders
  An ooze (D:1)
  2 worms (D:2)
  A giant gecko (D:3)
  5 orcs (D:3)
  A ball python (D:2)
  5 giant cockroaches
  8 hobgoblins
  4 jackals (D:2)
  16 kobolds
  10 bats
  7 giant newts
  20 goblins
  10 rats
  A fungus (D:2)
102 creatures vanquished.

Notes
Turn   | Place    | Note
--------------------------------------------------------------
     0 | D:1      | Fluffy the Mummy Fighter began the quest for the Orb.
     0 | D:1      | Reached XP level 1. HP: 18/18 MP: 1/1
    96 | D:1      | Reached XP level 2. HP: 21/24 MP: 2/2
   903 | D:1      | Reached XP level 3. HP: 29/29 MP: 3/3
  1156 | D:2      | Noticed Robin
  1459 | D:2      | Noticed Ijyb
  1467 | D:2      | Killed Ijyb
  1467 | D:2      | Reached XP level 4. HP: 34/36 MP: 4/4
  1561 | D:2      | Killed Robin
  2397 | D:2      | Noticed Crazy Yiuf
  2407 | D:2      | Killed Crazy Yiuf
  2407 | D:2      | Reached XP level 5. HP: 5/42 MP: 5/5
  2811 | D:3      | Noticed Ajdolov's ghost (average FoFi)
  3250 | D:3      | HP: 2/42 [Ajdolov's ghost (5)]
  4133 | D:3      | Reached skill level 4 in Fighting
  4370 | D:3      | Noticed a centaur
  4392 | D:3      | Killed a centaur
  4392 | D:3      | Reached XP level 6. HP: 29/48 MP: 6/6
  5503 | D:3      | HP: 1/49 [orc wizard/magic dart (2)]
  5504 | D:3      | Slain by an orc wizard

Vault maps used:
D:1:      onia_arrival_pyramid, grunt_decor_clamped
D:2:      serial_forest, infiniplex_forest_lined_2,
          infiniplex_forest_lined_3_way, infiniplex_forest_zigzag_1,
          infiniplex_forest_lined_room_2, infiniplex_forest_straight_3,
          infiniplex_forest_straight_4, uniq_crazy_yiuf_cottage, uniq_robin,
          uniq_iyjb

Action                   |  1- 3 |  4- 6 || total
-------------------------+-------+-------++-------
Melee: Flail             |   132 |   329 ||   461
 Abil: Evoke Invisibilit |       |     1 ||     1
  Use: Scroll            |     3 |       ||     3
